Map: Dash and Terminal LE (Void)

Players

Cybercore

  • Race: Protoss Protoss
  • League: Bronze

wabbajack - Winner!

  • Race: Zerg Zerg
  • League: Grandmaster

VOD

Have the link to the VOD?

Description

Time

  • Played on: July 15, 2015, 11:27 p.m.
  • Length: 6:31
Show
View Real Time Build Order
Export as new Build Order

Cybercore Protoss 

Build Orders:  

Get SALT Encoding   

  12  0:03  Probe  
  13  0:16  Probe  
  14  0:25  Pylon  
  14  0:30  Assimilator  
  14  0:45  Gateway  
  14  0:48  Gateway  
  14  0:52  Probe (Chrono Boost)  
  15  1:02  Probe (Chrono Boost)  
  16  1:10  Probe (Chrono Boost)  
  16  1:11  Pylon  
  17  1:20  Pylon  
  17  1:23  Probe  
  18  1:32  Zealot (Chrono Boost)  
  18  1:39  Cybernetics Core  
  20  1:44  Probe  
  21  1:48  Assimilator  
  21  1:58  Probe  
  22  2:04  Pylon  
  22  2:10  Probe (Chrono Boost)  
  23  2:17  Robotics Facility  
  23  2:22  Probe (Chrono Boost)  
  24  2:26  Warp Gate (Chrono Boost)  
  25  2:30  Probe (Chrono Boost)  
  25  2:46  Probe  
  26  3:02  Nexus  
  26  3:11  Robotics Bay  
  26  3:13  Mothership Core (Chrono Boost)  
  28  3:23  Observer  
  29  3:28  Gateway  
  29  3:43  Warp Prism (Chrono Boost)  
  31  3:56  Pylon  
  31  4:08  Robotics Facility  
  31  4:16  Gateway  
  31  4:23  Probe  
  32  4:30  Probe  
  37  4:34  Disruptor (Chrono Boost)  
  37  4:47  Probe (Chrono Boost)  
  38  4:53  Assimilator  
  38  4:55  Probe (Chrono Boost)  
  39  5:00  Gateway  
  39  5:05  Immortal (Chrono Boost), Probe (Chrono Boost)  
  44  5:11  Disruptor  
  44  5:12  Forge  
  44  5:18  Probe, Assimilator  
  45  5:23  Stalker x2  
  32  5:41  Zealot x2  
  22  5:50  Disruptor  
Show
View Real Time Build Order
Export as new Build Order

wabbajack Zerg - Winner!

Build Orders: Hatch First, Ravager All-In 

Get SALT Encoding   

  12  0:01  Drone  
  13  0:13  Overlord  
  13  0:19  Drone  
  14  0:23  Extractor  
  14  0:24  Drone  
  15  0:39  Drone x2  
  17  0:57  Hatchery  
  17  1:01  Extractor  
  17  1:02  Drone  
  16  1:04  Drone  
  16  1:07  Drone  
  18  1:27  Spawning Pool  
  18  1:29  Drone  
  18  1:30  Drone  
  19  1:49  Drone  
  20  1:56  Extractor  
  20  1:57  Drone  
  20  2:05  Overlord  
  20  2:14  Queen  
  20  2:15  Queen  
  24  2:17  Drone x2  
  26  2:25  Roach Warren  
  26  2:26  Metabolic Boost  
  25  2:35  Drone x2  
  27  2:37  Drone  
  27  2:40  Drone  
  29  2:52  Overlord  
  29  2:54  Overlord  
  29  2:59  Drone  
  31  3:05  Drone x2  
  32  3:20  Roach  
  32  3:21  Roach x2  
  38  3:30  Roach  
  38  3:31  Roach x2  
  38  3:34  Pneumatized Carapace  
  44  3:45  Roach x2  
  44  3:46  Roach  
  50  3:49  Roach  
  50  3:55  Overlord  
  52  3:57  Overlord  
  52  4:15  Zergling x12  
  52  4:16  Zergling x2  
  59  4:17  Zergling x2  
  60  4:28  Overlord  
  60  4:35  Ravager  
  60  4:36  Ravager x2  
  63  4:41  Ravager  
  64  4:55  Zergling x2  
  64  4:56  Zergling x18  
  64  4:59  Ravager  
  75  5:05  Overlord  
  75  5:07  Overlord  
  75  5:30  Spine Crawler  
Tags
 
Add a new tag
Caveats
  • Supply blocks, unpowered buildings, or Contaminate may cause inaccurate times.
  • Supply counts are checked every 10 seconds.